Flyers vs BlackHawks

Created - March 9, 2024 at 01:19

Goals
1 2 3 T
Flyers 1 4 1 6
BlackHawks 0 0 1 1
Shots
1 2 3 T
Flyers 11 9 8 28
BlackHawks 10 4 5 19

GoalsPenalties
1st period
1. Flyers , Robert Thomas 25 (Vince Dunn 32, Chris Tanev 18) at 17:21
Vince Dunn (PHI) for Tripping (Minor) at 4:58
Jake DeBrusk (PHI) for Slashing (Minor) at 13:08
2nd period
2. Flyers , Johnny Gaudreau 18 (Mika Zibanejad 18, Aaron Ekblad 37) at 0:38
3. Flyers , William Nylander 20 (Vince Dunn 33, Chris Tanev 19) at 0:58
4. Flyers , Joel Farabee 7 (Brandon Tanev 14, Dante Fabbro 19) at 8:29
5. Flyers , Johnny Gaudreau 19 (Jared McCann 23, Mika Zibanejad 19) at 17:11
No Penalty
3rd period
6. Flyers , Jake DeBrusk 13 (Robert Thomas 38, Alex Pietrangelo 24) at 10:39
7. BlackHawks , Kirill Kaprizov 21 (Haydn Fleury 6) at 19:24 (PP)
Johnny Gaudreau (PHI) for Roughing (Minor) at 0:05
Aaron Ekblad (PHI) for Hooking (Minor) at 17:36
Goalie Stats
Sergei Bobrovsky (PHI), 18 saves from 19 shots - (0.947), W, 1-4-1, 60:00 minutes
Marc-Andre Fleury (CHI), 10 saves from 12 shots - (0.833), 31:31 minutes
Juuse Saros (CHI), 12 saves from 16 shots - (0.750), L, 17-18-1, 28:29 minutes
3 StarsOfficial
1 - Robert Thomas (PHI)
2 - Johnny Gaudreau (PHI)
3 - William Nylander (PHI)
Referees : Jim Curtin and Andrew Howard
Linesman : Colin Gates and Kory Nagy
Game Note
Marc-Andre Fleury enters game at 8:29 of 2nd period
Finance
Level 1 -- Attendance: 6127 (94.26%) -- Ticket Income $673,970
Level 2 -- Attendance: 3525 (70.50%) -- Ticket Income $352,500
Level 3 -- Attendance: 2422 (69.20%) -- Ticket Income $205,870
Level 4 -- Attendance: 1949 (52.43%) -- Ticket Income $97,450
Luxury Box -- Attendance: 917 (91.70%) -- Ticket Income $183,400
Game was played at the United Center.
Total Attendance: 14940 (75.77%)
Total Ticket Income: $1,513,190
Other Income: $378,298
Total Income: $1,891,488



Team Name Goals Shots Shots Attemp Shots Blocked PIM HIT PP PK FO%
Flyers 62859118200 / 0 (0.00%149%
BlackHawks 1195050221 / 4 (25%)051%

Flyers
Player Name POS G A P +/- PIM HIT SHT SB MP PP MP PP SHT PK MP PK SHT FO% FOT
Aaron EkbladD0113222124:110:0003:3200% 0
Alex PietrangeloD0113002125:220:0004:4200% 0
Brandon TanevLW0111050015:010:0003:0500% 0
Calle JarnkrokC000000019:480:0004:02075% 12
Chris TanevD0222000221:250:0003:3400% 0
Dante FabbroD0111000015:260:0001:4200% 0
Eetu LuostarinenC0001011011:560:0000:00036% 14
Eric StaalC000000005:460:0000:00050% 2
Erik BrannstromD0001010013:440:0000:0000% 0
Jake DeBruskLW1013232014:160:0000:0000% 2
Jared McCannLW0112032020:160:0000:00050% 2
Joel FarabeeLW1011012012:340:0000:3800% 0
Johnny GaudreauLW2022214120:150:0000:000100% 2
Mika ZibanejadC0222013120:160:0000:00039% 28
Robert ThomasC1123015018:000:0003:43057% 21
Sam LaffertyC000000015:460:0000:0000% 0
Vince DunnD0222211319:500:0002:0000% 0
William NylanderRW1013004018:190:0004:0200% 1
BlackHawks
Player Name POS G A P +/- PIM HIT SHT SB MP PP MP PP SHT PK MP PK SHT FO% FOT
Anders LeeLW000-1032019:393:0010:000100% 2
Braden SchneiderD000-1041024:054:5810:0000% 0
Derek ForbortD000-3001219:542:4710:0000% 0
Haydn FleuryD011-2010116:090:0800:0000% 0
Ivan BarbashevC000-3024021:414:4520:00053% 30
Jaden SchwartzC000-1012015:003:3100:00047% 15
Jordan MartinookLW000-100007:110:0000:0000% 1
Justin BraunD000-2010016:010:0000:0000% 0
Kirill KaprizovLW101-3002121:414:4510:000100% 1
Marc-Edouard VlasicD000-1011124:054:5800:0000% 0
Max ComtoisLW000-3030016:560:0000:0000% 2
Max DomiC000-1002020:454:0600:000100% 2
Nick RitchieLW000-101207:110:0000:000100% 1
Ryan DonatoC000-100007:110:0000:00038% 8
Sonny MilanoLW000-1001011:290:0000:0000% 0
Ty DellandreaC000-1010011:290:0000:000100% 2
Tyler SeguinC000-1021019:393:0000:00045% 20
Zach BogosianD000-3020019:542:4700:0000% 0



Play-by-Play

1st period


0:01 of 1st period - Mika Zibanejad wins face-off versus Ivan Barbashev in neutral zone.
1:10 of 1st period - Shot by Tyler Seguin.
1:10 of 1st period - Stopped by Sergei Bobrovsky without a rebound.
1:11 of 1st period - Eetu Luostarinen wins face-off versus Jaden Schwartz in Flyers zone.
1:20 of 1st period - Shot by Brandon Tanev.
1:20 of 1st period - Deflect By Joel Farabee.
1:20 of 1st period - Shot Misses the Net.
1:45 of 1st period - Shot by Jaden Schwartz.
1:45 of 1st period - Shot Blocked by Chris Tanev.
2:20 of 1st period - Shot by Max Domi.
2:20 of 1st period - Stopped by Sergei Bobrovsky without a rebound.
2:21 of 1st period - Robert Thomas wins face-off versus Jordan Martinook in Flyers zone.
3:00 of 1st period - Shot by Jake DeBrusk.
3:00 of 1st period - Shot Misses the Net.
3:04 of 1st period - Shot by Robert Thomas.
3:04 of 1st period - Stopped by Juuse Saros with a rebound.
3:06 of 1st period - Shot by William Nylander.
3:06 of 1st period - Stopped by Juuse Saros without a rebound.
3:07 of 1st period - Calle Jarnkrok wins face-off versus Ivan Barbashev in BlackHawks zone.
3:18 of 1st period - Shot by Max Comtois.
3:18 of 1st period - Deflect By Kirill Kaprizov.
3:18 of 1st period - Shot Misses the Net.
3:20 of 1st period - Shot by Ivan Barbashev.
3:20 of 1st period - Shot Misses the Net.
3:22 of 1st period - Shot by Derek Forbort.
3:22 of 1st period - Shot Blocked by Aaron Ekblad.
3:26 of 1st period - Shot by Kirill Kaprizov.
3:26 of 1st period - Shot Blocked by Calle Jarnkrok.
4:09 of 1st period - Icing by Justin Braun.
4:10 of 1st period - Anders Lee wins face-off versus Mika Zibanejad in BlackHawks zone.
4:46 of 1st period - Icing by Vince Dunn.
4:47 of 1st period - Mika Zibanejad wins face-off versus Jaden Schwartz in Flyers zone.
4:47 of 1st period - Mika Zibanejad is hit by Jaden Schwartz.
4:58 of 1st period - Minor Penalty to Vince Dunn for Tripping.
4:59 of 1st period - Ivan Barbashev wins face-off versus Robert Thomas in Flyers zone.
6:29 of 1st period - Shot by Jaden Schwartz.
6:29 of 1st period - Shot Misses the Net.
6:44 of 1st period - Shot by Braden Schneider.
6:44 of 1st period - Stopped by Sergei Bobrovsky without a rebound.
6:45 of 1st period - Robert Thomas wins face-off versus Ivan Barbashev in Flyers zone.
6:54 of 1st period - Shot by Max Domi.
6:54 of 1st period - Shot Misses the Net.
6:56 of 1st period - Shot by Ivan Barbashev.
6:56 of 1st period - Stopped by Sergei Bobrovsky without a rebound.
6:57 of 1st period - Tyler Seguin wins face-off versus Robert Thomas in Flyers zone.
6:58 of 1st period - Shot by Anders Lee.
6:58 of 1st period - Shot Misses the Net.
7:06 of 1st period - Shot by Nick Ritchie.
7:06 of 1st period - Stopped by Sergei Bobrovsky without a rebound.
7:07 of 1st period - Ryan Donato wins face-off versus Mika Zibanejad in Flyers zone.
7:14 of 1st period - Shot by Nick Ritchie.
7:14 of 1st period - Stopped by Sergei Bobrovsky without a rebound.
7:15 of 1st period - Ivan Barbashev wins face-off versus Robert Thomas in Flyers zone.
7:54 of 1st period - Shot by Kirill Kaprizov.
7:54 of 1st period - Shot Misses the Net.
8:07 of 1st period - Icing by Kirill Kaprizov.
8:08 of 1st period - Ivan Barbashev wins face-off versus Mika Zibanejad in BlackHawks zone.
8:13 of 1st period - Shot by Mika Zibanejad.
8:13 of 1st period - Stopped by Juuse Saros without a rebound.
8:14 of 1st period - Mika Zibanejad wins face-off versus Tyler Seguin in BlackHawks zone.
8:18 of 1st period - Icing by Derek Forbort.
8:19 of 1st period - Tyler Seguin wins face-off versus Mika Zibanejad in BlackHawks zone.
8:27 of 1st period - Icing by Vince Dunn.
8:28 of 1st period - Tyler Seguin wins face-off versus Mika Zibanejad in Flyers zone.
8:29 of 1st period - Shot by Anders Lee.
8:29 of 1st period - Shot Blocked by Vince Dunn.
8:39 of 1st period - Shot by Mika Zibanejad.
8:39 of 1st period - Stopped by Juuse Saros with a rebound.
8:41 of 1st period - Shot by Chris Tanev.
8:41 of 1st period - Shot Misses the Net.
9:06 of 1st period - Icing by Anders Lee.
9:07 of 1st period - Robert Thomas wins face-off versus Tyler Seguin in BlackHawks zone.
9:29 of 1st period - Icing by Anders Lee.
9:30 of 1st period - Eetu Luostarinen wins face-off versus Tyler Seguin in BlackHawks zone.
9:35 of 1st period - Shot by Eetu Luostarinen.
9:35 of 1st period - Stopped by Juuse Saros without a rebound.
9:36 of 1st period - Ivan Barbashev wins face-off versus Eetu Luostarinen in BlackHawks zone.
9:43 of 1st period - Shot by Kirill Kaprizov.
9:43 of 1st period - Shot Misses the Net.
9:53 of 1st period - Ivan Barbashev is hit by Brandon Tanev and loses puck.
10:06 of 1st period - Shot by Joel Farabee.
10:06 of 1st period - Stopped by Juuse Saros without a rebound.
10:07 of 1st period - Jaden Schwartz wins face-off versus Robert Thomas in BlackHawks zone.
10:16 of 1st period - Shot by Sonny Milano.
10:16 of 1st period - Shot Misses the Net.
10:34 of 1st period - Shot by William Nylander.
10:34 of 1st period - Shot Misses the Net.
10:36 of 1st period - Shot by Robert Thomas.
10:36 of 1st period - Stopped by Juuse Saros with a rebound.
10:38 of 1st period - Shot by Jake DeBrusk.
10:38 of 1st period - Shot Misses the Net.
10:40 of 1st period - Shot by Alex Pietrangelo.
10:40 of 1st period - Stopped by Juuse Saros without a rebound.
10:41 of 1st period - Ivan Barbashev wins face-off versus Mika Zibanejad in BlackHawks zone.
10:52 of 1st period - Shot by Kirill Kaprizov.
10:52 of 1st period - Shot Misses the Net.
11:10 of 1st period - Shot by Max Comtois.
11:10 of 1st period - Shot Misses the Net.
11:53 of 1st period - Aaron Ekblad is hit by Tyler Seguin.
11:58 of 1st period - Off-side.
11:59 of 1st period - Eetu Luostarinen wins face-off versus Jaden Schwartz in neutral zone.
12:10 of 1st period - Justin Braun is hit by Brandon Tanev and loses puck.
12:36 of 1st period - Haydn Fleury is hit by Erik Brannstrom and loses puck.
12:39 of 1st period - Shot by Sonny Milano.
12:39 of 1st period - Shot Misses the Net.
12:41 of 1st period - Shot by Jaden Schwartz.
12:41 of 1st period - Stopped by Sergei Bobrovsky with a rebound.
12:43 of 1st period - Shot by Ty Dellandrea.
12:43 of 1st period - Shot Misses the Net.
13:07 of 1st period - Zach Bogosian is hit by Jake DeBrusk and loses puck.
13:08 of 1st period - Minor Penalty to Jake DeBrusk for Slashing.
13:09 of 1st period - Calle Jarnkrok wins face-off versus Ivan Barbashev in Flyers zone.
14:52 of 1st period - Shot by Anders Lee.
14:52 of 1st period - Shot Misses the Net.
14:54 of 1st period - Shot by Jaden Schwartz.
14:54 of 1st period - Deflect By Anders Lee.
14:54 of 1st period - Stopped by Sergei Bobrovsky without a rebound.
14:55 of 1st period - Calle Jarnkrok wins face-off versus Jaden Schwartz in Flyers zone.
15:20 of 1st period - Mika Zibanejad is hit by Haydn Fleury and loses puck.
15:29 of 1st period - Shot by Johnny Gaudreau.
15:29 of 1st period - Shot Misses the Net.
15:31 of 1st period - Shot by Erik Brannstrom.
15:31 of 1st period - Deflect By Johnny Gaudreau.
15:31 of 1st period - Stopped by Juuse Saros without a rebound.
15:32 of 1st period - Eric Staal wins face-off versus Max Comtois in BlackHawks zone.
15:35 of 1st period - Shot by Calle Jarnkrok.
15:35 of 1st period - Shot Misses the Net.
15:55 of 1st period - Shot by Ivan Barbashev.
15:55 of 1st period - Shot Misses the Net.
15:57 of 1st period - Shot by Derek Forbort.
15:57 of 1st period - Shot Hit the Post.
15:59 of 1st period - Shot by Kirill Kaprizov.
15:59 of 1st period - Shot Blocked by Sam Lafferty.
16:01 of 1st period - Shot by Ivan Barbashev.
16:01 of 1st period - Stopped by Sergei Bobrovsky without a rebound.
16:02 of 1st period - Ryan Donato wins face-off versus Mika Zibanejad in Flyers zone.
16:15 of 1st period - Shot by Mika Zibanejad.
16:15 of 1st period - Shot Misses the Net.
16:17 of 1st period - Shot by Jared McCann.
16:17 of 1st period - Deflect By Johnny Gaudreau.
16:17 of 1st period - Shot Hit the Post.
17:19 of 1st period - Shot by Vince Dunn.
17:19 of 1st period - Stopped by Juuse Saros with a rebound.
17:21 of 1st period - Shot by Vince Dunn.
17:21 of 1st period - Deflect By Robert Thomas.
17:21 of 1st period - Goal by Robert Thomas - Flyers : 1 - BlackHawks : 0.
17:22 of 1st period - Tyler Seguin wins face-off versus Eetu Luostarinen in neutral zone.
17:54 of 1st period - Shot by Max Domi.
17:54 of 1st period - Deflect By Anders Lee.
17:54 of 1st period - Stopped by Sergei Bobrovsky without a rebound.
17:55 of 1st period - Robert Thomas wins face-off versus Ivan Barbashev in Flyers zone.
18:37 of 1st period - Off-side.
18:38 of 1st period - Tyler Seguin wins face-off versus Mika Zibanejad in neutral zone.
18:42 of 1st period - Anders Lee is hit by Vince Dunn.
18:46 of 1st period - Shot by Tyler Seguin.
18:46 of 1st period - Shot Blocked by Vince Dunn.
18:52 of 1st period - Marc-Edouard Vlasic is hit by Jared McCann and loses puck.
19:20 of 1st period - Icing by Braden Schneider.
19:21 of 1st period - Eetu Luostarinen wins face-off versus Tyler Seguin in BlackHawks zone.
Goals for this period are 1 for Flyers vs 0 for BlackHawks.
Shots for this period are 11 for Flyers vs 10 for BlackHawks.

2nd period


0:01 of 2nd period - Ivan Barbashev wins face-off versus Mika Zibanejad in neutral zone.
0:06 of 2nd period - Shot by Kirill Kaprizov.
0:06 of 2nd period - Shot Blocked by Alex Pietrangelo.
0:38 of 2nd period - Shot by Johnny Gaudreau.
0:38 of 2nd period - Goal by Johnny Gaudreau - Flyers : 2 - BlackHawks : 0.
0:39 of 2nd period - Robert Thomas wins face-off versus Jaden Schwartz in neutral zone.
0:48 of 2nd period - Shot by William Nylander.
0:48 of 2nd period - Shot Blocked by Derek Forbort.
0:50 of 2nd period - Shot by Robert Thomas.
0:50 of 2nd period - Deflect By Jake DeBrusk.
0:50 of 2nd period - Shot Misses the Net.
0:58 of 2nd period - Shot by William Nylander.
0:58 of 2nd period - Goal by William Nylander - Flyers : 3 - BlackHawks : 0.
0:59 of 2nd period - Tyler Seguin wins face-off versus Calle Jarnkrok in neutral zone.
1:02 of 2nd period - Erik Brannstrom is hit by Anders Lee and loses puck.
1:13 of 2nd period - Shot by Sam Lafferty.
1:13 of 2nd period - Shot Misses the Net.
2:00 of 2nd period - Icing by Robert Thomas.
2:01 of 2nd period - Robert Thomas wins face-off versus Ivan Barbashev in Flyers zone.
2:01 of 2nd period - Robert Thomas is hit by Ivan Barbashev.
2:07 of 2nd period - Shot by Aaron Ekblad.
2:07 of 2nd period - Stopped by Juuse Saros without a rebound.
2:08 of 2nd period - Ivan Barbashev wins face-off versus Mika Zibanejad in BlackHawks zone.
2:10 of 2nd period - Icing by Kirill Kaprizov.
2:11 of 2nd period - Ivan Barbashev wins face-off versus Mika Zibanejad in BlackHawks zone.
2:11 of 2nd period - Ivan Barbashev is hit by Mika Zibanejad.
2:21 of 2nd period - Shot by Mika Zibanejad.
2:21 of 2nd period - Stopped by Juuse Saros without a rebound.
2:22 of 2nd period - Jaden Schwartz wins face-off versus Jake DeBrusk in BlackHawks zone.
2:22 of 2nd period - Jaden Schwartz is hit by Robert Thomas.
2:42 of 2nd period - Icing by Chris Tanev.
2:43 of 2nd period - Ivan Barbashev wins face-off versus Jake DeBrusk in Flyers zone.
2:58 of 2nd period - Vince Dunn is hit by Max Comtois and loses puck.
3:14 of 2nd period - William Nylander is hit by Braden Schneider and loses puck.
3:55 of 2nd period - Mika Zibanejad is hit by Max Comtois and loses puck.
4:16 of 2nd period - Shot by Derek Forbort.
4:16 of 2nd period - Shot Misses the Net.
4:18 of 2nd period - Shot by Ty Dellandrea.
4:18 of 2nd period - Shot Blocked by Johnny Gaudreau.
5:06 of 2nd period - Shot by Eetu Luostarinen.
5:06 of 2nd period - Shot Blocked by Haydn Fleury.
5:56 of 2nd period - Shot by Robert Thomas.
5:56 of 2nd period - Shot Misses the Net.
6:01 of 2nd period - Off-side.
6:02 of 2nd period - Calle Jarnkrok wins face-off versus Ryan Donato in neutral zone.
6:35 of 2nd period - Icing by Braden Schneider.
6:36 of 2nd period - Mika Zibanejad wins face-off versus Ryan Donato in BlackHawks zone.
6:36 of 2nd period - Alex Pietrangelo is hit by Braden Schneider.
6:46 of 2nd period - Braden Schneider is hit by Johnny Gaudreau and loses puck.
7:30 of 2nd period - Kirill Kaprizov is hit by Jake DeBrusk and loses puck.
8:03 of 2nd period - Shot by William Nylander.
8:03 of 2nd period - Shot Misses the Net.
8:05 of 2nd period - Shot by Robert Thomas.
8:05 of 2nd period - Shot Hit the Post.
8:15 of 2nd period - Icing by Derek Forbort.
8:16 of 2nd period - Eetu Luostarinen wins face-off versus Ivan Barbashev in BlackHawks zone.
8:16 of 2nd period - Eetu Luostarinen is hit by Zach Bogosian.
8:27 of 2nd period - Shot by Joel Farabee.
8:27 of 2nd period - Shot Misses the Net.
8:29 of 2nd period - Shot by Joel Farabee.
8:29 of 2nd period - Goal by Joel Farabee - Flyers : 4 - BlackHawks : 0.
8:29 of 2nd period - Marc-Andre Fleury enters game.
8:30 of 2nd period - Jaden Schwartz wins face-off versus Calle Jarnkrok in neutral zone.
8:35 of 2nd period - Icing by Calle Jarnkrok.
8:36 of 2nd period - Jaden Schwartz wins face-off versus Eric Staal in Flyers zone.
10:39 of 2nd period - Shot by Robert Thomas.
10:39 of 2nd period - Shot Misses the Net.
10:41 of 2nd period - Shot by Jake DeBrusk.
10:41 of 2nd period - Shot Misses the Net.
10:43 of 2nd period - Shot by Jake DeBrusk.
10:43 of 2nd period - Shot Misses the Net.
10:45 of 2nd period - Shot by Robert Thomas.
10:45 of 2nd period - Shot Misses the Net.
10:49 of 2nd period - Shot by Robert Thomas.
10:49 of 2nd period - Stopped by Marc-Andre Fleury with a rebound.
11:50 of 2nd period - Ivan Barbashev is hit by Aaron Ekblad and loses puck.
12:01 of 2nd period - Shot by Brandon Tanev.
12:01 of 2nd period - Shot Blocked by Kirill Kaprizov.
12:08 of 2nd period - Off-side.
12:09 of 2nd period - Calle Jarnkrok wins face-off versus Jaden Schwartz in neutral zone.
12:46 of 2nd period - Shot by Eric Staal.
12:46 of 2nd period - Shot Misses the Net.
12:49 of 2nd period - Icing by Ty Dellandrea.
12:50 of 2nd period - Mika Zibanejad wins face-off versus Jaden Schwartz in BlackHawks zone.
13:11 of 2nd period - Shot by Jared McCann.
13:11 of 2nd period - Deflect By Johnny Gaudreau.
13:11 of 2nd period - Shot Misses the Net.
13:49 of 2nd period - Shot by Kirill Kaprizov.
13:49 of 2nd period - Stopped by Sergei Bobrovsky without a rebound.
13:50 of 2nd period - Nick Ritchie wins face-off versus Eetu Luostarinen in Flyers zone.
14:48 of 2nd period - Icing by Derek Forbort.
14:49 of 2nd period - Mika Zibanejad wins face-off versus Ryan Donato in BlackHawks zone.
14:49 of 2nd period - Aaron Ekblad is hit by Zach Bogosian and loses puck.
15:07 of 2nd period - Icing by Jordan Martinook.
15:08 of 2nd period - Robert Thomas wins face-off versus Ryan Donato in BlackHawks zone.
15:15 of 2nd period - Shot by Robert Thomas.
15:15 of 2nd period - Shot Blocked by Derek Forbort.
16:07 of 2nd period - Shot by Marc-Edouard Vlasic.
16:07 of 2nd period - Stopped by Sergei Bobrovsky without a rebound.
16:08 of 2nd period - Anders Lee wins face-off versus Mika Zibanejad in Flyers zone.
16:28 of 2nd period - Icing by Haydn Fleury.
16:29 of 2nd period - Tyler Seguin wins face-off versus Eetu Luostarinen in BlackHawks zone.
16:29 of 2nd period - Tyler Seguin is hit by Brandon Tanev.
16:41 of 2nd period - Shot by Max Domi.
16:41 of 2nd period - Stopped by Sergei Bobrovsky without a rebound.
16:42 of 2nd period - Kirill Kaprizov wins face-off versus Mika Zibanejad in Flyers zone.
16:53 of 2nd period - Shot by Kirill Kaprizov.
16:53 of 2nd period - Deflect By Ivan Barbashev.
16:53 of 2nd period - Stopped by Sergei Bobrovsky without a rebound.
16:54 of 2nd period - Robert Thomas wins face-off versus Tyler Seguin in Flyers zone.
16:54 of 2nd period - Robert Thomas is hit by Anders Lee.
17:03 of 2nd period - Icing by Justin Braun.
17:04 of 2nd period - Johnny Gaudreau wins face-off versus Tyler Seguin in BlackHawks zone.
17:11 of 2nd period - Shot by Jared McCann.
17:11 of 2nd period - Deflect By Johnny Gaudreau.
17:11 of 2nd period - Goal by Johnny Gaudreau - Flyers : 5 - BlackHawks : 0.
17:12 of 2nd period - Ivan Barbashev wins face-off versus Mika Zibanejad in neutral zone.
17:29 of 2nd period - Icing by Aaron Ekblad.
17:30 of 2nd period - Jaden Schwartz wins face-off versus Mika Zibanejad in Flyers zone.
17:55 of 2nd period - Mika Zibanejad is hit by Ty Dellandrea and loses puck.
18:42 of 2nd period - Shot by Jake DeBrusk.
18:42 of 2nd period - Deflect By William Nylander.
18:42 of 2nd period - Stopped by Marc-Andre Fleury without a rebound.
18:43 of 2nd period - Tyler Seguin wins face-off versus Eetu Luostarinen in BlackHawks zone.
18:48 of 2nd period - Max Domi is hit by Brandon Tanev and loses puck.
19:01 of 2nd period - Anders Lee is hit by Joel Farabee and loses puck.
19:33 of 2nd period - Icing by Max Domi.
19:34 of 2nd period - Mika Zibanejad wins face-off versus Tyler Seguin in BlackHawks zone.
19:41 of 2nd period - Shot by Johnny Gaudreau.
19:41 of 2nd period - Shot Misses the Net.
19:43 of 2nd period - Shot by Aaron Ekblad.
19:43 of 2nd period - Stopped by Marc-Andre Fleury with a rebound.
Goals for this period are 4 for Flyers vs 0 for BlackHawks.
Shots for this period are 9 for Flyers vs 4 for BlackHawks.

3rd period


0:01 of 3rd period - Mika Zibanejad wins face-off versus Ivan Barbashev in neutral zone.
0:04 of 3rd period - Marc-Edouard Vlasic is hit by Jared McCann and loses puck.
0:05 of 3rd period - Minor Penalty to Johnny Gaudreau for Roughing.
0:06 of 3rd period - Calle Jarnkrok wins face-off versus Ivan Barbashev in Flyers zone.
0:06 of 3rd period - Calle Jarnkrok is hit by Ivan Barbashev.
0:13 of 3rd period - Icing by Max Domi.
0:14 of 3rd period - Max Domi wins face-off versus William Nylander in BlackHawks zone.
0:22 of 3rd period - Icing by Braden Schneider.
0:23 of 3rd period - Ivan Barbashev wins face-off versus Calle Jarnkrok in BlackHawks zone.
1:40 of 3rd period - Shot by Derek Forbort.
1:40 of 3rd period - Stopped by Sergei Bobrovsky without a rebound.
1:41 of 3rd period - Calle Jarnkrok wins face-off versus Tyler Seguin in Flyers zone.
2:02 of 3rd period - Shot by Brandon Tanev.
2:02 of 3rd period - Shot Misses the Net.
2:14 of 3rd period - Nick Ritchie is hit by Jared McCann and loses puck.
2:30 of 3rd period - Jared McCann is hit by Nick Ritchie and loses puck.
3:11 of 3rd period - Shot by Jaden Schwartz.
3:11 of 3rd period - Shot Blocked by Mika Zibanejad.
3:24 of 3rd period - Icing by Derek Forbort.
3:25 of 3rd period - Jaden Schwartz wins face-off versus Robert Thomas in BlackHawks zone.
3:30 of 3rd period - Shot by Jaden Schwartz.
3:30 of 3rd period - Shot Hit the Post.
3:40 of 3rd period - Shot by Robert Thomas.
3:40 of 3rd period - Stopped by Marc-Andre Fleury without a rebound.
3:41 of 3rd period - Ivan Barbashev wins face-off versus Eetu Luostarinen in BlackHawks zone.
4:40 of 3rd period - Icing by Eetu Luostarinen.
4:41 of 3rd period - Ty Dellandrea wins face-off versus Eetu Luostarinen in Flyers zone.
4:59 of 3rd period - Shot by Jaden Schwartz.
4:59 of 3rd period - Shot Blocked by Chris Tanev.
5:15 of 3rd period - Shot by Sonny Milano.
5:15 of 3rd period - Stopped by Sergei Bobrovsky without a rebound.
5:16 of 3rd period - Mika Zibanejad wins face-off versus Tyler Seguin in Flyers zone.
5:55 of 3rd period - Shot by Johnny Gaudreau.
5:55 of 3rd period - Stopped by Marc-Andre Fleury without a rebound.
5:56 of 3rd period - Robert Thomas wins face-off versus Max Comtois in BlackHawks zone.
5:56 of 3rd period - William Nylander is hit by Braden Schneider.
6:02 of 3rd period - Shot by William Nylander.
6:02 of 3rd period - Stopped by Marc-Andre Fleury without a rebound.
6:03 of 3rd period - Robert Thomas wins face-off versus Ivan Barbashev in BlackHawks zone.
6:12 of 3rd period - Shot by Robert Thomas.
6:12 of 3rd period - Shot Misses the Net.
6:30 of 3rd period - Shot by Jake DeBrusk.
6:30 of 3rd period - Stopped by Marc-Andre Fleury without a rebound.
6:31 of 3rd period - Max Domi wins face-off versus Mika Zibanejad in BlackHawks zone.
7:51 of 3rd period - Vince Dunn is hit by Braden Schneider and loses puck.
8:01 of 3rd period - Vince Dunn is hit by Max Comtois and loses puck.
9:18 of 3rd period - Shot by Sonny Milano.
9:18 of 3rd period - Shot Misses the Net.
9:35 of 3rd period - Off-side.
9:36 of 3rd period - Johnny Gaudreau wins face-off versus Tyler Seguin in neutral zone.
10:05 of 3rd period - Shot by Jared McCann.
10:05 of 3rd period - Stopped by Marc-Andre Fleury without a rebound.
10:06 of 3rd period - Robert Thomas wins face-off versus Ryan Donato in BlackHawks zone.
10:09 of 3rd period - Shot by Robert Thomas.
10:09 of 3rd period - Shot Misses the Net.
10:30 of 3rd period - William Nylander is hit by Justin Braun and loses puck.
10:39 of 3rd period - Shot by Jake DeBrusk.
10:39 of 3rd period - Goal by Jake DeBrusk - Flyers : 6 - BlackHawks : 0.
10:40 of 3rd period - Mika Zibanejad wins face-off versus Ivan Barbashev in neutral zone.
10:55 of 3rd period - Shot by Jared McCann.
10:55 of 3rd period - Stopped by Marc-Andre Fleury without a rebound.
10:56 of 3rd period - Tyler Seguin wins face-off versus Eetu Luostarinen in BlackHawks zone.
12:15 of 3rd period - Mika Zibanejad is hit by Marc-Edouard Vlasic and loses puck.
12:33 of 3rd period - Shot by Johnny Gaudreau.
12:33 of 3rd period - Shot Blocked by Marc-Edouard Vlasic.
12:35 of 3rd period - Shot by Alex Pietrangelo.
12:35 of 3rd period - Stopped by Marc-Andre Fleury without a rebound.
12:36 of 3rd period - Jaden Schwartz wins face-off versus Robert Thomas in BlackHawks zone.
12:53 of 3rd period - Shot by Jaden Schwartz.
12:53 of 3rd period - Stopped by Sergei Bobrovsky without a rebound.
12:54 of 3rd period - Calle Jarnkrok wins face-off versus Tyler Seguin in Flyers zone.
13:08 of 3rd period - Off-side.
13:09 of 3rd period - Mika Zibanejad wins face-off versus Jaden Schwartz in neutral zone.
13:28 of 3rd period - Icing by Justin Braun.
13:29 of 3rd period - Ty Dellandrea wins face-off versus Robert Thomas in BlackHawks zone.
14:03 of 3rd period - Icing by Robert Thomas.
14:04 of 3rd period - Ivan Barbashev wins face-off versus Robert Thomas in Flyers zone.
14:10 of 3rd period - Off-side.
14:11 of 3rd period - Jared McCann wins face-off versus Ivan Barbashev in neutral zone.
14:33 of 3rd period - Icing by Braden Schneider.
14:34 of 3rd period - Ivan Barbashev wins face-off versus Eetu Luostarinen in BlackHawks zone.
14:34 of 3rd period - Ivan Barbashev is hit by Eetu Luostarinen.
14:39 of 3rd period - Icing by Max Comtois.
14:40 of 3rd period - Ivan Barbashev wins face-off versus Robert Thomas in BlackHawks zone.
14:40 of 3rd period - Ivan Barbashev is hit by Jake DeBrusk.
15:14 of 3rd period - Ivan Barbashev is hit by Aaron Ekblad and loses puck.
16:01 of 3rd period - Shot by Johnny Gaudreau.
16:01 of 3rd period - Shot Misses the Net.
16:21 of 3rd period - Vince Dunn is hit by Tyler Seguin and loses puck.
16:27 of 3rd period - Jared McCann is hit by Anders Lee and loses puck.
17:36 of 3rd period - Minor Penalty to Aaron Ekblad for Hooking.
17:37 of 3rd period - Calle Jarnkrok wins face-off versus Ivan Barbashev in Flyers zone.
18:07 of 3rd period - Shot by Ivan Barbashev.
18:07 of 3rd period - Stopped by Sergei Bobrovsky without a rebound.
18:08 of 3rd period - Robert Thomas wins face-off versus Ivan Barbashev in Flyers zone.
18:25 of 3rd period - Braden Schneider is hit by Brandon Tanev and loses puck.
18:34 of 3rd period - Shot by Kirill Kaprizov.
18:34 of 3rd period - Shot Misses the Net.
18:36 of 3rd period - Shot by Ivan Barbashev.
18:36 of 3rd period - Shot Misses the Net.
19:22 of 3rd period - Shot by Kirill Kaprizov.
19:22 of 3rd period - Deflect By Haydn Fleury.
19:22 of 3rd period - Shot Blocked by Vince Dunn.
19:24 of 3rd period - Shot by Kirill Kaprizov.
19:24 of 3rd period - Goal by Kirill Kaprizov - Flyers : 6 - BlackHawks : 1.
19:25 of 3rd period - Ryan Donato wins face-off versus Mika Zibanejad in neutral zone.
19:56 of 3rd period - Icing by Alex Pietrangelo.
19:57 of 3rd period - Ivan Barbashev wins face-off versus Jared McCann in Flyers zone.
Goals for this period are 1 for Flyers vs 1 for BlackHawks.
Shots for this period are 8 for Flyers vs 5 for BlackHawks.